Map: Dusk Towers

Players

MorN

  • Race: Terran Terran
  • League: Master

Apocalypse - Winner!

  • Race: Protoss Protoss
  • League: Master

VOD

Have the link to the VOD?

Description

Time

  • Played on: Dec. 2, 2015, 10:48 p.m.
  • Length: 21:08
Show
View Real Time Build Order
Export as new Build Order

MorN Terran 

Build Orders: MMM Bio 

Get SALT Encoding   

  12  0:00  SCV  
  13  0:13  SCV  
  14  0:17  Supply Depot  
  14  0:25  SCV  
  15  0:38  SCV  
  15  0:40  Barracks  
  16  0:46  Refinery  
  16  0:51  SCV  
  17  1:03  SCV  
  18  1:15  SCV  
  19  1:27  Orbital Command  
  19  1:28  Marine  
  20  1:42  Command Center  
  21  1:52  Factory  
  21  1:54  Marine  
  21  1:59  SCV  
  22  2:11  SCV  
  23  2:29  Supply Depot  
  23  2:33  Refinery  
  23  2:35  Factory Tech Lab  
  23  2:36  Barracks Reactor  
  23  2:37  Barracks  
  23  2:51  SCV  
  24  2:55  Orbital Command  
  24  3:03  SCV  
  25  3:07  Command Center  
  25  3:11  Cyclone  
  28  3:17  Marine x2  
  30  3:26  Supply Depot  
  30  3:31  Barracks  
  30  3:33  SCV  
  31  3:41  Marine x2  
  35  3:48  SCV x2  
  35  3:49  Factory Reactor  
  35  3:51  Stimpack  
  35  4:00  SCV x2  
  37  4:03  Marine x2  
  37  4:06  Factory Tech Lab  
  39  4:12  SCV  
  39  4:14  SCV  
  41  4:21  Orbital Command  
  41  4:24  SCV  
  41  4:25  Refinery  
  41  4:26  SCV  
  43  4:34  Factory Reactor  
  43  4:35  Starport  
  43  4:36  SCV  
  43  4:37  Combat Shields  
  44  4:38  SCV  
  44  4:41  Engineering Bay  
  44  4:45  Marauder  
  47  4:49  SCV  
  47  4:51  SCV x2  
  45  5:02  Marine x3  
  45  5:06  Marauder  
  48  5:10  SCV  
  49  5:15  Terran Infantry Weapons Level 1  
  49  5:18  SCV x2  
  49  5:19  Marine  
  49  5:20  Marauder, Marine  
  55  5:22  SCV  
  55  5:24  Medivac x2  
  55  5:27  Marauder  
  58  5:37  Orbital Command  
  58  5:39  Marine x2  
  58  5:41  SCV x2, Factory Reactor  
  58  5:42  Marauder  
  61  5:49  Marauder  
  63  5:52  Refinery  
  63  5:53  Supply Depot, SCV x2  
  63  5:54  Supply Depot  
  63  5:56  Concussive Shells  
  65  6:01  Marine x2  
  67  6:05  Medivac  
  69  6:15  SCV x3, Marauder, Medivac  
  76  6:18  Supply Depot, Widow Mine x2  
  80  6:27  SCV x2  
  80  6:29  Engineering Bay  
  80  6:30  SCV  
  83  6:33  Armory  
  83  6:34  Marine  
  83  6:38  Marauder  
  83  6:39  SCV x2  
  76  6:48  Marine  
  76  6:49  Widow Mine, Medivac, Marine  
  76  6:50  Medivac, Widow Mine  
  86  6:57  Marine  
  86  7:00  Marauder  
  89  7:06  SCV x3, Marine  
  93  7:18  Barracks  
  93  7:20  Barracks  
  93  7:21  Supply Depot, Terran Infantry Weapons Level 2  
  93  7:22  Terran Infantry Armor Level 1, Marauder, Marine  
  96  7:32  Marine x2  
  96  7:36  Supply Depot  
  98  7:37  Widow Mine  
  98  7:39  SCV  
  98  7:42  SCV, Marine, Widow Mine  
  98  7:43  Refinery  
  98  7:44  Marauder  
  107  7:45  Supply Depot  
  107  7:51  Marauder  
  109  7:57  Marine  
  110  8:05  Marauder  
  109  8:12  Marine x2  
  109  8:13  Medivac x2, Marauder  
  113  8:26  Marauder  
  111  8:27  Marine x2  
  109  8:34  Marauder  
  109  8:41  Marine  
  107  8:43  Medivac x2  
  107  8:45  Marine  
  107  8:48  Marauder  
  116  8:55  Marine  
  118  8:56  Widow Mine x2  
  118  8:58  Barracks Reactor, Barracks Tech Lab  
  118  8:59  Marine  
  118  9:02  SCV x3  
  124  9:04  Terran Vehicle Weapons Level 1  
  124  9:09  Barracks  
  124  9:10  Barracks  
  124  9:11  Barracks  
  124  9:13  Starport  
  124  9:14  SCV x2, Marauder  
  124  9:15  SCV  
  124  9:17  Marine  
  125  9:32  Supply Depot  
  125  9:33  Command Center, Supply Depot  
  125  9:34  Supply Depot, Marine  
  125  9:35  SCV x3, Marauder x2  
  125  9:37  Supply Depot  
  125  9:38  Terran Infantry Weapons Level 3  
  133  9:53  Marine x2  
  133  9:54  Marine x2  
  133  9:56  Marauder x2  
  132  10:01  Marine  
  132  10:06  Liberator  
  127  10:10  Liberator  
  127  10:11  Marine  
  127  10:12  Marine x2, Marauder  
  125  10:15  Barracks Reactor, Barracks Tech Lab  
  125  10:16  SCV x2, Barracks Tech Lab  
  125  10:18  Marauder x2  
  125  10:19  Marine  
  125  10:20  Refinery  
  130  10:22  Supply Depot  
  136  10:29  Marine  
  136  10:30  Marine  
  136  10:33  Marauder  
  132  10:37  Marine x2  
  132  10:38  Marauder  
  132  10:39  Marauder x2  
  132  10:42  Marine  
  141  10:47  Marine  
  141  10:48  Planetary Fortress  
  142  10:52  Marine x2  
  142  10:54  Starport Tech Lab  
  142  10:55  Marauder  
  146  10:59  Marauder  
  146  11:00  Marauder x2  
  146  11:02  Fusion Core  
  146  11:03  Marine x2  
  154  11:05  Missile Turret  
  154  11:12  Terran Infantry Armor Level 2  
  154  11:13  Terran Vehicle Weapons Level 2  
  154  11:23  Marine x2  
  154  11:24  Marauder  
  156  11:28  Marine x2  
  156  11:29  Marauder  
  156  11:30  Medivac  
  156  11:32  Marauder, Marine x2  
  143  11:40  Marine x2  
  143  11:42  Marine x2  
  143  11:45  Marauder  
  148  11:47  Widow Mine x2  
  148  11:50  Advanced Ballistics, Marauder  
  154  12:00  Marine x2  
  154  12:01  Marauder x3  
  162  12:04  Supply Depot  
  162  12:07  Command Center  
  162  12:18  Supply Depot, Refinery  
  162  12:19  Refinery  
  162  12:20  Supply Depot  
  127  12:39  Marauder  
  127  12:40  Marine x3, Marauder x4  
  127  12:41  Marine  
  141  12:52  Liberator x3  
  141  12:53  Ghost Academy  
  138  13:01  Marine x2, Marauder x5  
  144  13:07  Marine x2  
  153  13:18  Planetary Fortress  
  153  13:20  Missile Turret  
  153  13:22  Marauder x2  
  153  13:25  Marine x2  
  153  13:26  Marauder x2  
  163  13:34  Liberator  
  163  13:37  Liberator x2  
  163  13:39  Marauder, Marine x3  
  153  13:44  Marauder x2  
  154  13:51  Marine x2  
  154  13:52  Marauder  
  166  14:02  Widow Mine x2  
  170  14:11  Marauder, Marine x2  
  170  14:13  Marine x2  
  170  14:14  Marauder x2, Marine  
  170  14:15  Marauder  
  182  14:17  Terran Infantry Armor Level 3  
  182  14:23  Marine x2  
  184  14:28  Marine  
  184  14:29  Marine  
  184  14:30  Widow Mine  
  182  14:32  Marine  
  182  14:33  Marauder, Marine  
  182  14:36  Marauder  
  164  14:46  Marine x2  
  164  14:47  Marauder  
  164  14:52  Marine x3  
  145  14:53  Marauder x2  
  145  14:54  Marauder  
  145  14:56  Liberator x2  
  142  15:01  Marine x2  
  134  15:08  Marine, Marauder  
  134  15:09  Marine  
  134  15:10  Marine x3  
  140  15:14  Marauder x2  
  140  15:18  Refinery  
  140  15:19  Marine x3  
  140  15:20  Refinery  
  145  15:34  Marine x4  
  145  15:35  Marauder x2  
  153  15:36  Marauder  
  152  15:44  Marine x3  
  152  15:45  Marauder  
  149  15:54  Marine x2  
  149  15:56  Marauder  
  147  15:57  Marine x2, Marauder x2  
  147  16:02  Marine x2  
  147  16:03  Marauder  
  144  16:06  Medivac, Marauder  
  146  16:11  SCV x2  
  146  16:12  SCV, Marine x2  
  146  16:15  Marine x2  
  146  16:17  Marauder  
  146  16:18  Marauder, Marine  
  158  16:20  Marine x2  
  158  16:23  Marine  
  159  16:28  Marauder  
  159  16:31  Marine x2  
  161  16:34  Medivac  
  161  16:36  Marauder, Medivac x2  
  161  16:37  Marine x2  
  161  16:39  Marauder  
  175  16:40  Marauder  
  175  16:46  Marine x2  
  174  16:47  Marauder  
  174  16:49  Marauder  
  174  16:53  Marine x2  
  179  16:57  Marine  
  179  16:58  Marine, Marauder  
  179  17:00  Marauder  
  187  17:01  Marauder  
  187  17:04  Marine x2  
  181  17:08  Marauder  
  181  17:10  Marine  
  181  17:11  Marine  
  181  17:13  Marine  
  174  17:15  Marine x2  
  174  17:18  Medivac x3  
  174  17:19  Marauder  
  174  17:22  Marine x2, Marauder  
  159  17:24  Marine  
  159  17:29  Marauder  
  144  17:33  Marine  
  144  17:34  Marauder  
  144  17:39  Marine x2  
  144  17:40  Marauder  
  144  17:42  Marauder, Marine x2  
  144  17:43  Marauder  
  149  17:47  Medivac  
  149  17:49  Marine x2  
  153  17:54  Marine  
  153  17:55  Marauder  
  153  17:57  Marine  
  157  18:02  Marauder  
  157  18:04  Marauder  
  161  18:06  Marine x2  
  161  18:07  Marauder  
  161  18:08  Marauder  
  161  18:13  Marine x2  
  161  18:17  Marauder  
  137  18:20  Marine x2  
  137  18:23  Marauder  
  137  18:24  Marine  
  137  18:26  Marine x2  
  135  18:30  Marine  
  135  18:39  Widow Mine  
  122  19:00  Marine x3  
  122  19:01  Marauder  
  102  19:11  Marine  
  102  19:12  Marauder, Marine  
  106  19:19  Orbital Command  
  106  19:25  Marauder x4  
  114  19:34  Marauder  
  101  19:57  Marine x2  
  101  19:58  Marine, Marauder x3  
  101  19:59  Marauder x2  
  109  20:14  Marine x3  
  109  20:20  Marine x2, Marauder x2  
  120  20:21  Marine, Marauder x3  
  118  20:32  Marine x3  
  121  20:38  Marine x2  
  121  20:40  Marine  
  121  20:41  Marauder x2  
  121  20:42  Marauder x2, Marine  
  133  20:49  Marine  
Show
View Real Time Build Order
Export as new Build Order

Apocalypse Protoss - Winner!

Build Orders: 1 Gate Expand 

Get SALT Encoding   

  12  0:01  Probe (Chrono Boost)  
  13  0:12  Probe (Chrono Boost)  
  14  0:18  Pylon  
  14  0:23  Probe (Chrono Boost)  
  15  0:36  Probe (Chrono Boost), Gateway  
  15  0:42  Assimilator  
  16  0:47  Probe (Chrono Boost)  
  17  0:57  Probe (Chrono Boost)  
  18  1:08  Probe (Chrono Boost)  
  20  1:18  Probe (Chrono Boost)  
  20  1:27  Nexus  
  20  1:29  Probe (Chrono Boost)  
  21  1:37  Cybernetics Core  
  21  1:40  Probe (Chrono Boost)  
  22  1:49  Pylon  
  22  1:51  Probe (Chrono Boost)  
  23  1:56  Assimilator  
  23  2:07  Probe (Chrono Boost)  
  24  2:13  Warp Gate  
  24  2:14  Adept  
  26  2:18  Mothership Core (Chrono Boost)  
  28  2:23  Forge  
  28  2:36  Probe (Chrono Boost)  
  29  2:39  Probe (Chrono Boost)  
  29  2:42  Adept  
  32  2:46  Probe (Chrono Boost)  
  32  2:49  Probe (Chrono Boost)  
  34  2:53  Robotics Facility  
  34  2:56  Protoss Ground Armor Level 1 (Chrono Boost)  
  34  3:01  Probe  
  34  3:02  Probe  
  36  3:11  Adept  
  38  3:13  Probe  
  38  3:14  Probe  
  40  3:22  Pylon  
  40  3:25  Probe  
  41  3:29  Probe  
  42  3:37  Probe  
  42  3:39  Probe  
  42  3:40  Warp Prism  
  46  3:42  Adept  
  48  3:50  Probe x2  
  50  3:57  Gateway  
  50  4:00  Gateway  
  50  4:02  Probe  
  51  4:07  Pylon  
  51  4:08  Assimilator  
  51  4:09  Assimilator  
  51  4:10  Probe  
  51  4:14  Probe  
  53  4:24  Pylon  
  53  4:26  Observer (Chrono Boost)  
  54  4:31  Sentry  
  54  4:32  Twilight Council  
  54  4:33  Probe x2  
  54  4:36  Protoss Ground Weapons Level 1  
  58  4:43  Gateway  
  58  4:45  Gateway  
  58  4:46  Probe x2  
  58  4:50  Pylon  
  60  5:04  Immortal (Chrono Boost)  
  60  5:06  Probe x2  
  62  5:08  Resonating Glaives (Chrono Boost)  
  62  5:11  Sentry  
  68  5:18  Probe  
  69  5:24  Probe  
  69  5:26  Nexus  
  70  5:30  Probe  
  69  5:40  Probe  
  69  5:41  Stalker x3  
  68  5:46  Probe  
  68  5:47  Immortal  
  69  5:51  Pylon  
  69  5:54  Pylon  
  69  5:56  Sentry x2  
  77  5:59  Probe  
  77  6:03  Pylon  
  78  6:06  Pylon  
  78  6:09  Probe  
  79  6:12  Pylon  
  79  6:14  Sentry x3  
  79  6:16  Probe  
  86  6:21  Probe  
  86  6:23  Immortal  
  87  6:28  Probe  
  92  6:37  Photon Cannon  
  88  6:47  Adept  
  88  6:48  Adept x4  
  88  6:52  Assimilator  
  98  7:04  Probe  
  98  7:05  Probe x2, Assimilator  
  98  7:06  Immortal  
  101  7:15  Probe  
  105  7:17  Probe x2  
  108  7:22  Stalker  
  108  7:23  Stalker x2  
  108  7:24  Stalker  
  116  7:36  Probe  
  116  7:37  Probe x2  
  117  7:39  Stalker  
  121  7:44  Nexus  
  121  7:50  Probe  
  126  7:51  Probe x2  
  128  8:01  Adept x2  
  128  8:03  Probe, Immortal  
  129  8:06  Pylon  
  129  8:07  Pylon  
  123  8:31  Probe  
  111  8:45  Mothership Core  
  111  8:47  Adept  
  111  8:48  Adept x2  
  119  8:49  Adept x2  
  119  8:54  Pylon  
  123  8:58  Pylon  
  122  9:03  Pylon  
  122  9:05  Pylon  
  121  9:15  Twilight Council  
  121  9:16  Gateway  
  118  9:18  Probe x2  
  118  9:19  Probe x2, Gateway  
  118  9:23  Gateway  
  118  9:24  Immortal  
  122  9:26  Gateway  
  122  9:27  Gateway  
  122  9:28  Robotics Bay  
  126  9:31  Robotics Facility  
  126  9:33  Forge  
  126  9:37  Probe  
  126  9:38  Probe x2, Assimilator  
  126  9:39  Probe  
  126  9:40  Forge  
  126  9:42  Adept x3, Assimilator  
  126  9:43  Adept x2  
  140  9:48  Probe  
  125  10:13  Stalker x4, Disruptor  
  125  10:14  Stalker  
  129  10:18  Disruptor  
  129  10:19  Protoss Ground Armor Level 2 (Chrono Boost), Protoss Ground Weapons Level 2 (Chrono Boost)  
  135  10:24  Blink (Chrono Boost)  
  131  10:41  Adept x7  
  145  10:46  Photon Cannon  
  145  10:47  Observer  
  145  10:48  Photon Cannon  
  146  10:50  Pylon  
  146  10:52  Photon Cannon  
  146  10:54  Disruptor  
  146  10:55  Gateway  
  149  10:58  Gateway  
  149  10:59  Gateway  
  149  11:03  Disruptor  
  152  11:11  Adept  
  152  11:12  Stalker x4, Adept  
  152  11:13  Stalker x3  
  170  11:29  Adept, Disruptor  
  165  11:43  Adept x5  
  165  11:44  Adept x4, Disruptor  
  183  11:51  Templar Archives  
  183  11:52  Pylon  
  183  11:53  Pylon, Gravitic Drive  
  186  11:55  Pylon  
  186  12:09  Disruptor  
  181  12:25  Charge (Chrono Boost)  
  179  12:32  High Templar x4  
  179  12:33  High Templar x3  
  179  12:34  Nexus  
  179  12:35  Pylon  
  179  12:36  Psionic Storm, Pylon  
  193  12:40  Archon x2  
  193  12:42  Archon  
  193  12:45  Zealot  
  193  12:46  Zealot x2  
  197  13:04  Protoss Ground Weapons Level 3, Protoss Ground Armor Level 3  
  184  13:14  Zealot x3  
  190  13:22  Immortal  
  190  13:28  Immortal  
  190  13:53  Stalker  
  190  13:54  Stalker x6  
  196  14:26  High Templar x2  
  156  14:51  Stalker x4  
  156  14:52  Stalker x7  
  163  14:55  Observer  
  155  15:01  Immortal  
  155  15:05  Assimilator  
  145  15:08  Assimilator  
  145  15:11  Immortal  
  145  15:12  Adept  
  145  15:13  Adept  
  145  15:15  High Templar x2  
  145  15:16  High Templar x3  
  145  15:17  High Templar  
  145  15:19  Adept x3  
  145  15:20  Adept  
  169  15:21  Adept  
  169  15:26  Protoss Shields Level 1  
  163  15:45  Adept  
  163  15:46  Adept x6  
  165  16:07  Stalker x11  
  165  16:08  Stalker x2, Immortal  
  191  16:13  Immortal  
  197  16:39  High Templar  
  199  16:42  Nexus, Disruptor  
  199  16:44  Pylon  
  197  16:47  Assimilator  
  197  16:51  Assimilator  
  173  17:32  Zealot x5  
  173  17:33  Zealot x8  
  173  17:35  Disruptor  
  197  17:40  Disruptor  
  138  18:24  Adept x13  
  151  18:53  Archon  
  116  19:06  Stalker x7  
  116  19:07  Stalker x6  
  116  19:08  Immortal  
  142  19:13  Immortal  
  150  19:25  Photon Cannon  
  150  19:27  Photon Cannon  
  150  19:28  Photon Cannon  
  150  19:30  Zealot x5, Photon Cannon  
  150  19:31  Zealot x8  
  176  19:32  Pylon  
  176  19:33  Pylon  
  176  19:42  Immortal  
  172  19:52  Zealot  
  176  19:53  Zealot x7  
  190  20:01  High Templar x4  
  190  20:02  High Templar  
  194  20:18  High Templar x3  
  194  20:19  High Templar x2  
  194  20:20  High Templar x2  
  196  20:23  Disruptor  
  196  20:28  Disruptor  
  196  20:38  Stalker  
  196  20:39  Stalker  
  198  21:04  Archon x2  
Tags
 
Composition
MMM Bio
Matchup
PvT
Replay Pack
MorN pack 2
Add a new tag
Caveats
  • Supply blocks, unpowered buildings, or Contaminate may cause inaccurate times.
  • Supply counts are checked every 10 seconds.